 Dungeon Crawl Stone Soup version 0.31.0-11-ge490571c62 (webtiles) character file.

Game seed: 3302395030761759194

2110 Buffagor the Cleaver (level 9, -2/68 HPs)
             Began as a Formicid Fighter on Feb 10, 2024.
             Slain by a cyclops (16 damage)
             ... on level 6 of the Dungeon.
             The game lasted 00:13:24 (5293 turns).

Buffagor the Cleaver (Formicid Fighter)             Turns: 5293, Time: 00:13:25

Health: -2/68      AC:  8    Str: 19    XL:     9   Next: 53%
Magic:  9/9        EV:  6    Int:  8    God:
Gold:   443        SH: 16    Dex: 21    Spells: 8/8 levels left

rFire   . . .        H - +1 battleaxe
rCold   . . .        C - +0 tower shield
rNeg    + . .        A - +0 scale mail
rPois   +            (helmet unavailable)
rElec   +            (no cloak)
rCorr   .            (no gloves)
SInv    +            h - +0 pair of boots
Will    .....        (no amulet) Stlth
                     o - ring of poison resistance
HPRegen 0.31/turn    u - ring "Mileocyih" {rElec rN+ Str-4 Dex+6 Slay+4}
MPRegen 0.11/turn

%: no passive effects
@: mighty
A: permanent stasis, dig shafts and tunnels, antennae 3, four strong arms
a: Dig, Shaft Self


You were on level 6 of the Dungeon.
You visited 2 branches of the dungeon, and saw 7 of its levels.

You collected 443 gold pieces.

Inventory:

Hand Weapons
 a - a +0 war axe
 b - a +0 orcbow
 H - a +1 battleaxe (weapon)
Missiles
 j - 3 boomerangs (quivered)
 k - 64 stones
 p - 13 poisoned darts
 D - 3 large rocks
Armour
 c - a +0 buckler
 h - a +0 pair of boots (worn)
 A - a +0 scale mail (worn)
 C - a +0 tower shield (worn)
Jewellery
 e - a ring of flight
 o - a ring of poison resistance (left hand)
 u - the ring "Mileocyih" (right hand) {rElec rN+ Str-4 Dex+6 Slay+4}
   (You found it on level 3 of the Dungeon)

   [ring of slaying]

   Str-4:     It affects your strength (-4).
   Dex+6:     It affects your dexterity (+6).
   Slay+4:    It affects your accuracy & damage with ranged weapons and melee
   (+4).
   rElec:     It insulates you from electricity.
   rN+:       It protects you from negative energy.
 G - a +6 ring of intelligence
Wands
 r - a wand of flame (28)
 v - a wand of paralysis (4)
 E - a wand of polymorph (12)
Scrolls
 f - a scroll of fog
 g - a scroll of poison {unknown}
 l - 5 scrolls of teleportation
 q - a scroll of blinking
 s - a scroll of brand weapon
 t - a scroll of revelation {unknown}
 x - 2 scrolls of enchant armour {unknown}
 y - a scroll of amnesia {unknown}
 B - 4 scrolls of identify
Potions
 d - a potion of mutation
 i - 2 potions of ambrosia
 m - a potion of lignification
 n - 2 potions of brilliance
 w - a potion of invisibility
 z - 2 potions of resistance
 I - a potion of curing {unknown}


   Skills:
 + Level 5.5 Fighting
 * Level 9.9 Axes
 + Level 5.5 Armour
 + Level 6.6 Shields


You had 8 spell levels left.
You didn't know any spells.
Your spell library was empty.

Dungeon Overview and Level Annotations

Branches:
Dungeon (6/15)             Temple (1/1) D:6

Altars:
Ashenzari
Cheibriados
Dithmenos
Elyvilon
Fedhas
Gozag
Hepliaklqana
Kikubaaqudgha
Makhleb
Nemelex Xobeh
Okawaru
Qazlal
Ru
Sif Muna
Trog
Vehumet
Wu Jian
Xom
Yredelemnul
Zin
The Shining One

Shops:
D:1 !   D:3 *

Annotations:
D:6 1 transporter, Curundu's ghost, novice DsBe


Innate Abilities, Weirdness & Mutations

You cannot be hasted, slowed, berserked, paralysed or teleported.
You can dig through walls and to a lower floor.
You have a pair of large antennae on your head. (SInv)
Your four strong arms can wield two-handed weapons with a shield.


Message History

Unknown command.
Unknown command.
Unknown command.
Unknown command.
Unknown command.
Unknown command.
Unknown command.
Unknown command.
Unknown command.
Unknown command.
Unknown command.
Unknown command.
You slice the cyclops!!
The cyclops is heavily wounded.
You slash the two-headed ogre! You barely miss Curundu's ghost.
You block Curundu's ghost's attack. You block the cyclops's attack.
The two-headed ogre hits you with a +0 dire flail of holy wrath!
The two-headed ogre hits you with a +0 giant club!
* * * LOW HITPOINT WARNING * * *
Unknown command.
Unknown command.
Unknown command.
Unknown command.
You slash Curundu's ghost!
Curundu's ghost is moderately damaged.
You slash the cyclops! You slash the orc wizard! You slash the two-headed ogre!
Curundu's ghost hits you but does no damage.
The orc wizard hits you but does no damage.
You block the cyclops's attack. You block the two-headed ogre's attack.
The two-headed ogre hits you but does no damage.
Curundu's ghost hits you but does no damage.
You block the orc wizard's attack.
Unknown command.
You slash the cyclops!
The cyclops is almost dead.
You hit the two-headed ogre. You slice Curundu's ghost!!
You slash the orc wizard!
You kill the orc wizard!
You block Curundu's ghost's attack. The cyclops hits you!
You die...

...................#####
.......................##
................©.......#
............#########...###
#.....###..##8.....8##....##
#.....#....#...[.....#.....#
#.....#....#.........#.....#
#..)..#....#...)OC...#.....#
#...).#....#....@W...#....#######
..)...#....#.....$...#..###.....#
......#....#.........#....#.....#
....[.#....#©........#....#.....#
......'....##8.($..8##....#.[....
..)...###...#########.....#......
..##### #.......©.........'......
.<# #.................#...... ..#
#.....#......######......


You could see a two-headed ogre, a cyclops and Curundu's ghost.

Vanquished Creatures
  Grinder (D:3)
  Sigmund (D:3)
  2 black bears
  A sky beast (D:6)
  A centaur (D:5)
  3 ogres
  A bullfrog (D:6)
  5 wights (D:6)
  A bombardier beetle (D:5)
  3 electric eels (D:4)
  A gnoll bouda (D:4)
  8 hounds
  An orc priest (D:6)
  A sleepcap (D:6)
  Natasha (thrice) (D:3)
  3 orc wizards (D:6)
  6 adders
  8 gnolls
  A shadow imp (D:4)
  2 ribbon worms
  A dart slug (D:2)
  7 orcs
  2 ball pythons
  8 endoplasms
  3 giant cockroaches (D:4)
  3 goblins
  4 hobgoblins
  2 jackals (D:1)
  5 quokkas
  9 bats
  5 frilled lizards
  6 kobolds
  7 rats
115 creatures vanquished.

Notes
Turn   | Place    | Note
-------+----------+-------------------------------------------
     0 | D:1      | Buffagor the Formicid Fighter began the quest for the Orb.
     0 | D:1      | Reached XP level 1. HP: 18/18 MP: 1/1
    60 | D:1      | Reached XP level 2. HP: 24/24 MP: 2/2
    84 | D:1      | Reached skill level 3 in Axes
   308 | D:1      | Reached XP level 3. HP: 24/29 MP: 3/3
   659 | D:1      | Found Bues's Distillery.
  1448 | D:2      | Reached skill level 4 in Axes
  1448 | D:2      | Reached XP level 4. HP: 35/35 MP: 4/4
  1963 | D:3      | Noticed Natasha
  1970 | D:3      | Killed Natasha
  1971 | D:3      | Reached XP level 5. HP: 38/41 MP: 5/5
  1984 | D:3      | Noticed Grinder
  2008 | D:3      | Killed Grinder
  2009 | D:3      | Reached skill level 6 in Axes
  2009 | D:3      | Reached XP level 6. HP: 7/47 MP: 6/6
  2168 | D:3      | Noticed Sigmund
  2184 | D:3      | Killed Sigmund
  2185 | D:3      | Reached skill level 7 in Axes
  2185 | D:3      | Reached XP level 7. HP: 42/52 MP: 7/7
  2291 | D:3      | Noticed Natasha
  2298 | D:3      | Killed Natasha
  2373 | D:3      | Identified the ring "Mileocyih" {rElec rN+ Str-4 Dex+6
                  | Slay+4}
  2418 | D:3      | Found a blossoming altar of Fedhas.
  2495 | D:3      | Noticed Natasha
  2508 | D:3      | Killed Natasha
  2523 | D:3      | Found Koxike's General Store.
  2563 | D:3      | Found a shimmering blue altar of Sif Muna.
  2764 | D:4      | Found a broken altar of Ashenzari.
  2806 | D:4      | Found a transporter.
  2951 | D:4      | Reached skill level 8 in Axes
  3104 | D:4      | Found a stormy altar of Qazlal.
  3328 | D:4      | Found a transporter.
  3394 | D:4      | Reached XP level 8. HP: 18/59 MP: 8/8
  3576 | D:5      | Entered Level 5 of the Dungeon
  3779 | D:5      | Found a hazy altar of Hepliaklqana.
  3948 | D:5      | Reached skill level 5 in Shields
  4472 | D:6      | Reached skill level 9 in Axes
  4479 | D:6      | Found a staircase to the Ecumenical Temple.
  4517 | Temple   | Entered the Ecumenical Temple
  4590 | D:6      | Reached XP level 9. HP: 66/66 MP: 9/9
  4613 | D:6      | Found a transporter.
  4613 | D:6      | Noticed Curundu's ghost (novice DsBe)
  4613 | D:6      | Noticed a two-headed ogre
  4614 | D:6      | Noticed a cyclops
  4620 | D:6      | Found a transporter.
  4658 | D:6      | Reached skill level 5 in Fighting
  4658 | D:6      | Reached skill level 5 in Armour
  4866 | D:6      | Found a shadowy altar of Dithmenos.
  4869 | D:6      | Found a basalt altar of Yredelemnul.
  4873 | D:6      | Found a bloodstained altar of Trog.
  5293 | D:6      | Slain by a cyclops

Illustrated notes

Levels and vault maps discovered:
D:1:      dpeg_arrival_brainrot, layout_loops_corners, serial_shops,
          nicolae_shop_waterfront, hex_medium, serial_park_tiny_pond
D:2:      layout_loops_ring, nrook_loot_triangle, minmay_misc_feat_roman,
          dreamdust_princess_corridor
D:3:      layout_rooms, marbit_many_paths, lemuel_blue_sif_altar, serial_shops,
          shop, nicolae_elevator_lobby_plus, uniq_sigmund, uniq_grinder,
          uniq_natasha
D:4:      gammafunk_steamed_eel, layout_basic, overflow_temple_1_default,
          kennysheep_little_box
D:5:      layout_basic, mainiacjoe_overflow_boulevard
D:6:      layout_gridville, grunt_temple_overflow_diamond,
          minmay_temple_entry_ruins, gammafunk_ghost_arena
Temple:   nicolae_temple_god_jail

Skill      XL: |  1  2  3  4  5  6  7  8  9 |
---------------+----------------------------+-----
Axes           | 3 4 6 7 8 9 |  9.9
Fighting       | 4 5 |  5.5
Armour         | 4 5 |  5.5
Shields        | 5 6 |  6.6

Action                     |  1- 3 |  4- 6 |  7- 9 || total
---------------------------+-------+-------+-------++-------
  Melee: War axe           |    85 |    58 |   139 ||   282
         Battleaxe         |       |       |    26 ||    26
   Fire: Orcbow            |       |       |    11 ||    11
  Throw: Boomerang         |       |    38 |    78 ||   116
  Evoke: Wand              |       |       |     1 ||     1
    Use: Potion            |       |     1 |     3 ||     4
         Scroll            |       |       |    12 ||    12
 Armour: Scale mail        |    47 |    34 |   116 ||   197
         Skin              |       |       |    11 ||    11
  Dodge: Dodged            |    36 |    18 |    33 ||    87
  Block: Buckler           |    27 |    14 |    22 ||    63
         Tower shield      |       |       |    80 ||    80
